 Dungeon Crawl Stone Soup version 0.22-a0-757-gdba82d8 (webtiles) character file.

802 Ghella the Covered (level 7, -2/44 HPs)
             Began as a Gargoyle Fighter on July 16, 2018.
             Killed by divine providence
             ... invoked by an orc priest
              (10 damage)
             ... on level 4 of the Dungeon.
             The game lasted 00:06:26 (3433 turns).

Ghella the Covered (Gargoyle Fighter)               Turns: 3433, Time: 00:06:27

Health: -2/44      AC: 14    Str: 16 (19) XL:     7   Next: 90%
Magic:  7/7        EV: 13    Int:  7 (8)  God:
Gold:   189        SH: 10    Dex: 16 (17) Spells: 6/6 levels left

rFire    . . .     SeeInvis .   a - +0 war axe
rCold    . . .     Gourm    .   c - +0 shield
rNeg     + . .     Faith    .   b - +0 scale mail
rPois    ∞         Spirit   .   w - +0 helmet
rElec    +         Reflect  .   u - +0 cloak
rCorr    .         Harm     .   (no gloves)
MR       .....                  (no boots)
Stlth    +.........             (no amulet)
HPRegen  0.14/turn              (no ring)
MPRegen  0.10/turn              (no ring)

@: agile, flying, very slightly contaminated, invisible
A: agile 1, blurry vision 1, negative energy resistance 1, electricity
resistance, weak 1, unbreathing, petrification resistance, rot immunity,
MP-powered wands, AC +4
a: no special abilities


You were on level 4 of the Dungeon.
You were not hungry.

You visited 1 branch of the dungeon, and saw 4 of its levels.

You collected 189 gold pieces.

Inventory:

Hand Weapons
 a - a +0 war axe (weapon)
Armour
 b - a +0 scale mail (worn)
 c - a +0 shield (worn)
 u - a +0 cloak (worn)
 w - a +0 helmet (worn)
Wands
 t - a wand of digging (9)
 y - a wand of paralysis (9)
Scrolls
 e - 4 scrolls of enchant armour {unknown}
 g - 2 scrolls of amnesia {unknown}
 i - 3 scrolls of identify {unknown}
 j - 2 scrolls of magic mapping {unknown}
 k - 2 scrolls of immolation {unknown}
 o - 4 scrolls of blinking {unknown}
 p - 2 scrolls of random uselessness {unknown}
 q - 3 scrolls of remove curse {unknown}
 s - a scroll of enchant weapon {unknown}
 x - a scroll of fog {unknown}
 A - a scroll of noise {unknown}
Potions
 d - 2 potions of might
 l - a potion of invisibility
 z - a potion of degeneration
Comestibles
 f - 12 rations


   Skills:
 + Level 4.4 Fighting
 + Level 5.0 Axes
 * Level 5.8 Armour
 + Level 1.3 Dodging
 + Level 5.4 Shields


You had 6 spell levels left.
You didn't know any spells.
Your spell library was empty.

Dungeon Overview and Level Annotations

Branches:
Dungeon (4/15)             Temple (0/1) D:4

Altars:
Ashenzari
Ru
Uskayaw


Innate Abilities, Weirdness & Mutations

You are resistant to torment.
Your stone body is resilient. (AC +4)
You are immune to poison.
You resist negative energy. (rN+)
You are resistant to electric shocks. (rElec)
You can survive without breathing.
You are immune to petrification.
You are immune to rotting.
You are agile. (Dex +2)
Scrolls take you a little longer to read.
You are weak. (Str -2)
You expend magic power (3 MP) to strengthen your wands.


Message History

You block the orc wizard's attack.
The orc priest mumbles some strange prayers to Beogh against you.
The orc priest struggles to resist.
The orc priest shouts!
It was a potion of agility.
You feel agile all of a sudden.
The orc priest hits you but does no damage.
The orc wizard closely misses you.
It was a potion of curing.
You feel better.
The orc priest hits you but does no damage.
The orc wizard misses you.
The orc priest invokes the aid of Beogh against you.
The orc priest writhes in agony!
The orc priest dies!
It was a potion of flight.
You feel very buoyant.
You fly up into the air.
You block the orc wizard's attack.
The orc priest invokes the aid of Beogh against you.
Beogh smites you!
You die...

+#######'.... #.#
#...#.†(#.... #.#
#...#..)#..## #.#
#....(..##.# #.#
###._.####.#
#o####.......##.#
#o##.#...#...#..#
#)##.#...#...#..#
#@##.'#######'..#
#o##....# #.....#
#.##.#### #######
#(##.# #(#..#
#.#.## #.#.#
#.#.# #.#.#


You could see an orc priest, an orc wizard and an orc.

Vanquished Creatures
  A black bear (D:3)
  Blork the orc (D:4)
  A water moccasin zombie (D:3)
  A scorpion (D:4)
  A water moccasin skeleton (D:4)
  3 orc wizards (D:4)
  An orc priest (D:3)
  Crazy Yiuf (D:3)
  Jessica (D:2)
  An iguana (D:4)
  3 worker ants (D:4)
  A hound skeleton (D:4)
  Robin (D:4)
  3 gnolls (D:3)
  6 adders
  An ooze (D:2)
  An adder skeleton (D:4)
  A worm (D:2)
  3 leopard geckos
  8 orcs
  7 bats
  4 giant cockroaches
  12 goblins
  7 hobgoblins
  8 jackals
  5 frilled lizards
  6 kobolds
  7 rats
  4 fungi (D:3)
100 creatures vanquished.

Vanquished Creatures (others)
  An orc priest (D:4)
1 creature vanquished.

Grand Total: 101 creatures vanquished

Notes
Turn   | Place    | Note
-------+----------+-------------------------------------------
     0 | D:1      | Ghella the Gargoyle Fighter began the quest for the Orb.
     0 | D:1      | Reached XP level 1. HP: 14/14 MP: 1/1
    91 | D:1      | Reached XP level 2. HP: 16/19 MP: 2/2
   550 | D:2      | Reached XP level 3. HP: 21/23 MP: 3/3
   699 | D:2      | Reached XP level 4. HP: 25/29 MP: 4/4
   786 | D:2      | Noticed Jessica
   799 | D:2      | Killed Jessica
  1013 | D:3      | Noticed a black bear
  1019 | D:3      | Killed a black bear
  1019 | D:3      | Reached XP level 5. HP: 28/33 MP: 5/5
  1084 | D:3      | Found a shattered altar of Ashenzari.
  1234 | D:3      | Reached XP level 6. HP: 27/38 MP: 6/6
  2289 | D:3      | Found a runed door.
  2293 | D:3      | Noticed Crazy Yiuf
  2297 | D:3      | Killed Crazy Yiuf
  2297 | D:3      | Reached skill level 5 in Armour
  2333 | D:4      | Noticed a dagger
  2334 | D:4      | Noticed a hand axe
  2336 | D:4      | Found a hide-covered altar of Uskayaw.
  2449 | D:4      | Reached skill level 1 in Dodging
  2454 | D:4      | Reached XP level 7. HP: 24/43 MP: 7/7
  2651 | D:4      | Noticed Robin
  2996 | D:4      | Killed Robin
  3096 | D:4      | Noticed Blork the orc
  3104 | D:4      | Killed Blork the orc
  3104 | D:4      | Reached skill level 5 in Shields
  3283 | D:4      | Found a staircase to the Ecumenical Temple.
  3339 | D:4      | Found a sacrificial altar of Ru.
  3346 | D:4      | Reached skill level 5 in Axes
  3426 | D:4      | HP: 1/44 [orc priest/divine providence (11)]
  3429 | D:4      | Gained mutation: Scrolls take you a little longer to read. [potion of mutation]
  3429 | D:4      | Gained mutation: You are weak. (Str -2) [potion of mutation]
  3429 | D:4      | Gained mutation: You are agile. (Dex +2) [potion of mutation]
  3429 | D:4      | Gained mutation: You expend magic power (3 MP) to strengthen your wands. [potion of mutation]
  3433 | D:4      | Killed from afar by an orc priest

Vault maps used:
D:1:      dpeg_arrival_orchard
D:2:      uniq_jessica
D:3:      nicolae_ashenzari_panopticon, first_ration, uniq_crazy_yiuf_cottage
D:4:      dancing_weapons_uskayaw, temple_doors_e,
          nicolae_ru_great_annihilating_truth, uniq_robin, uniq_blork_the_orc

Skill      XL: |  1  2  3  4  5  6  7 |
---------------+----------------------+-----
Axes           | 2 3 4 5 |  5.0
Armour         | 4 5 |  5.8
Shields        | 4 5 |  5.4
Fighting       | 4 |  4.4
Dodging        | 1 |  1.3

Action                   |  1- 3 |  4- 6 |  7- 9 || total
-------------------------+-------+-------+-------++-------
Melee: War axe           |    80 |   160 |   110 ||   350
  Use: Potion            |       |       |     7 ||     7
 Stab: Invisible         |       |       |     1 ||     1
  Eat: Chunk             |       |     5 |     4 ||     9
Armor: Scale mail        |    71 |    90 |    76 ||   237
Dodge: Dodged            |    37 |    40 |    49 ||   126
Block: Shield            |    59 |    92 |    85 ||   236

Table legend:
 A = Spawn XP
 B = Non-spawn XP
 C = Spawn XP percentage of total XP
 D = Spawn monster count
 E = Non-spawn monster count
 F = Spawn count percentage of total count
 G = Total turns spent on level
                    A         B        C        D         E        F      G
               +---------+---------+-------+---------+---------+-------+---------
         Total |       0 |    1146 |   0.0 |       0 |      97 |   0.0 |  3433
               +---------+---------+-------+---------+---------+-------+---------
           D:1 |       0 |      19 |   0.0 |       0 |      12 |   0.0 |   539
           D:2 |       0 |     122 |   0.0 |       0 |      20 |   0.0 |   454
           D:3 |       0 |     371 |   0.0 |       0 |      24 |   0.0 |  1668
           D:4 |       0 |     634 |   0.0 |       0 |      41 |   0.0 |   772
               +---------+---------+-------+---------+---------+-------+---------
